 Dungeon Crawl Stone Soup version 0.22-a0-456-g11ed031617 (webtiles) character file.

93 HANFGEIST the Insei (level 4, -11/29 HPs)
             Began as an Octopode Transmuter on June 7, 2018.
             Killed by nerve-wracking pain
             ... invoked by an orc priest
              (13 damage)
             ... on level 3 of the Dungeon.
             The game lasted 00:02:56 (1892 turns).

HANFGEIST the Insei (Octopode Transmuter)           Turns: 1892, Time: 00:02:57

Health: -11/29     AC:  1    Str:  9    XL:     4   Next: 62%
Magic:  2/8        EV: 14    Int: 16    God:
Gold:   71         SH:  0    Dex: 12    Spells: 2/8 levels left

rFire    . . .     SeeInvis .     - Unarmed
rCold    . . .     Gourm    .   (no shield)
rNeg     . . .     Faith    .   (helmet restricted)
rPois    .         Spirit   .   (no amulet)
rElec    .         Reflect  .   k - ring of loudness (curse)
rCorr    .         Harm     .   (no ring)
MR       .....                  (no ring)
Stlth    +.........             (no ring)
HPRegen  0.09/turn              (no ring)
MPRegen  0.11/turn              (no ring)
                                (no ring)
                                (no ring)

@: no status effects
A: almost no armour, stealthy swim, amphibious, 8 rings, constrict 8, camouflage
1, gelatinous body 1
a: no special abilities


You were on level 3 of the Dungeon.
You were not hungry.

You visited 1 branch of the dungeon, and saw 3 of its levels.

You collected 71 gold pieces.

Inventory:

Missiles
 a - 37 arrows
Jewellery
 k - a cursed ring of loudness (left tentacle)
Scrolls
 b - 3 scrolls of fear {unknown}
 d - a scroll of remove curse {unknown}
 e - a scroll of random uselessness {unknown}
 h - 3 scrolls of identify {unknown}
Potions
 f - a potion of might {unknown}
 g - a potion of agility {unknown}
 j - a potion of magic {unknown}
Comestibles
 c - 5 rations
 l - 2 chunks of flesh


   Skills:
 * Level 1.9 Fighting
 * Level 2.6 Dodging
 + Level 0.8 Stealth
 + Level 3.5 Unarmed Combat
 + Level 2.9 Spellcasting
 + Level 2.3 Transmutations


You had 2 spell levels left.
You knew the following spells:

 Your Spells              Type           Power        Failure   Level  Hunger
a - Beastly Appendage     Tmut           #.....       8%          1    #......
b - Sticks to Snakes      Tmut           #.......     11%         2    ##.....
c - Spider Form           Tmut/Pois      #.........   34%         3    ###....

Your spell library contained the following spells:

 Spells                   Type           Power        Failure   Level  Hunger
 Blade Hands              Tmut           #.........   90%         5    ######.
 Ice Form                 Ice/Tmut       #.......     75%         4    #####..


Dungeon Overview and Level Annotations

Branches:
Dungeon (3/15)

Altars:


Innate Abilities, Weirdness & Mutations

You cannot wear most types of armour.
You are very stealthy in the water. (Stealth+)
You are amphibious.
You can wear up to eight rings at the same time.
You can use your tentacles to constrict eight enemies at once.
Your skin changes colour to match your surroundings (Stealth+).
Your rubbery body absorbs attacks. (AC +1, EV +1)


Message History

Your ball python bites the orc priest.
Your ball python grabs the orc priest.
Your ball python constricts the orc priest.
Your adder bites the orc priest.
The orc priest invokes the aid of Beogh against you.
Beogh smites you!
* * * LOW HITPOINT WARNING * * *
Found 2 javelins.
You see here a hobgoblin corpse.
Your adder bites the orc priest.
Your ball python bites the orc priest but does no damage.
Your ball python constricts the orc priest.
The orc priest completely misses your adder.
Your adder bites the orc priest.
Things that are here:
a club; a goblin corpse Your ball python bites the orc priest but does no damage.
Your ball python constricts the orc priest.
The orc priest mumbles some strange prayers to Beogh against you.
Pain shoots through your body!
You die...

#### #...##
##.....##
##.......#
#.........
#####S†.......
#...oS).......
#....@.......#
#.##........##
............##
.o.#.###.....##
....#.# ##.#..#
##. #.. (....#
g. #.# #+#.##


You could see an orc priest, a friendly adder and a friendly ball python.

Vanquished Creatures
  Crazy Yiuf (D:2)
  An orc wizard (D:3)
  A gnoll (D:1)
  A worm (D:2)
  An orc (D:3)
  2 giant cockroaches (D:2)
  A goblin (D:1)
  3 hobgoblins
  3 jackals
  A ball python (D:2)
  5 bats
  2 frilled lizards
  A kobold (D:1)
  6 rats
29 creatures vanquished.

Vanquished Creatures (collateral kills)
  An orc (D:3)
  A goblin (D:3)
2 creatures vanquished.

Grand Total: 31 creatures vanquished

Notes
Turn   | Place    | Note
-------+----------+-------------------------------------------
     0 | D:1      | HANFGEIST the Octopode Transmuter began the quest for the Orb.
     0 | D:1      | Reached XP level 1. HP: 13/13 MP: 3/3
   165 | D:1      | Reached XP level 2. HP: 4/18 MP: 1/5
   723 | D:1      | Reached XP level 3. HP: 8/23 MP: 4/6
  1467 | D:2      | Found a runed door.
  1676 | D:2      | Learned a level 2 spell: Sticks to Snakes
  1680 | D:2      | Learned a level 3 spell: Spider Form
  1732 | D:2      | Noticed Crazy Yiuf
  1738 | D:2      | Killed Crazy Yiuf
  1738 | D:2      | Reached XP level 4. HP: 21/29 MP: 1/7
  1890 | D:3      | HP: 1/29 [orc priest/divine providence (14)]
  1892 | D:3      | Killed from afar by an orc priest

Vault maps used:
D:1:      eino_arrival_water_cross
D:2:      nicolae_overflow_hidden_temple, uniq_crazy_yiuf_cottage
D:3:      grunt_gozag_statues, first_ration, cheibrodos_sewer_entry_drain,
          uniq_natasha, uniq_terence

Action                   |  1- 3 |  4- 6 || total
-------------------------+-------+-------++-------
Melee: Unarmed           |    51 |    13 ||    64
       Constrict         |    17 |     5 ||    22
       Kick              |    10 |     2 ||    12
       Tentacles         |     5 |     1 ||     6
       Punch             |       |     1 ||     1
 Cast: Beastly Appendage |    18 |     1 ||    19
       Sticks to Snakes  |     2 |     3 ||     5
       Spider Form       |     1 |       ||     1
  Use: Potion            |       |     1 ||     1
 Stab: Sleeping          |     2 |       ||     2
  Eat: Chunk             |     2 |     2 ||     4
Armor: Skin              |     9 |       ||     9
Dodge: Dodged            |    33 |     7 ||    40

Table legend:
 A = Spawn XP
 B = Non-spawn XP
 C = Spawn XP percentage of total XP
 D = Spawn monster count
 E = Non-spawn monster count
 F = Spawn count percentage of total count
 G = Total turns spent on level
                    A         B        C        D         E        F      G
               +---------+---------+-------+---------+---------+-------+---------
         Total |       0 |     134 |   0.0 |       0 |      31 |   0.0 |  1892
               +---------+---------+-------+---------+---------+-------+---------
           D:1 |       0 |      30 |   0.0 |       0 |      13 |   0.0 |   922
           D:2 |       0 |      60 |   0.0 |       0 |      12 |   0.0 |   944
           D:3 |       0 |      44 |   0.0 |       0 |       6 |   0.0 |    26
               +---------+---------+-------+---------+---------+-------+---------
